AoeStats
← Leon.Watch

Arabia

504482685Analyzed
3v3 RM · 26d ago on Sep 5, 2026· 40m 9s· 6 players
Game mode
Random Map
Map size
Normal (6 player)
Population
200
Speed
Normal
Resources
Standard
Victory
Conquest
Starting age
Dark Age
Ending age
Imperial Age
RankedLock teamsTeams togetherTeam positionsShared explorationLock speedFull tech treeHidden civsTurbo modeCheats
Victory
Defeat
🇩🇪 Britons · Germany
1466
+14
🇩🇪 Ethiopians · Germany
1385
+17
🇩🇪 Persians · Germany
1353
+18
🇨🇳 Wei · China
1440
-18
🇨🇳 Shu · China
1400
-16
🇨🇳 Wu · China
1388
-20
vR-MrReD
6:18 Loom
9:44 Feudal Age
10:34 Double-Bit Axe
15:21 Fletching
20:38 Wheelbarrow
21:17 Padded Archer Armor
24:44 Castle Age
24:44 Gold Mining
24:43 Horse Collar
25:19 Bodkin Arrow
24:50 Crossbowman
25:53 Bow Saw
28:57 Ballistics
28:51 Heavy Plow
30:09 Leather Archer Armor
34:47 Hand Cart
35:16 Gold Shaft Mining
39:21 Pikeman
40:02 Squires
43:07 Imperial Age
Aremenius
8:33 Feudal Age
10:18 Double-Bit Axe
14:42 Bloodlines
15:13 Horse Collar
16:45 Forging
19:02 Wheelbarrow
23:18 Castle Age
21:38 Scale Barding Armor
26:34 Bow Saw
28:21 Chain Barding Armor
29:52 Heavy Plow
34:17 Husbandry
35:34 Loom
39:19 Imperial Age
38:38 Gold Mining
39:03 Cavalier
40:58 Coinage
LukasPlanet
5:51 Loom
9:10 Feudal Age
15:21 Fletching
21:43 Horse Collar
25:26 Castle Age
24:14 Gold Mining
25:46 Double-Bit Axe
25:29 Crossbowman
26:36 Bodkin Arrow
32:02 Ballistics
39:16 Wheelbarrow
40:08 Padded Archer Armor
40:20 Bow Saw
39:52 Horse Collar
40:19 Stone Mining
Leon.Watch
6:39 Loom
9:36 Feudal Age
11:38 Fletching
21:00 Padded Archer Armor
22:42 Double-Bit Axe
27:33 Castle Age
27:50 Crossbowman
28:34 Bodkin Arrow
29:59 Bodkin Arrow
ezer
6:31 Loom
8:56 Feudal Age
9:11 Man-at-Arms
13:40 Double-Bit Axe
19:21 Fletching
20:20 Padded Archer Armor
22:39 Wheelbarrow
21:48 Horse Collar
27:12 Castle Age
27:20 Crossbowman
27:55 Bodkin Arrow
28:16 Leather Archer Armor
30:06 Bow Saw
31:50 Elite Skirmisher
33:48 Hand Cart
33:18 Town Watch
35:22 Ballistics
36:03 Gold Mining
ThompsonAK
6:46 Loom
9:27 Feudal Age
10:00 Double-Bit Axe
10:48 Horse Collar
17:02 Scale Barding Armor
18:19 Forging
19:48 Wheelbarrow
21:46 Gold Mining
23:42 Stone Mining
27:37 Castle Age
28:26 Bloodlines
28:43 Chain Barding Armor
28:44 Town Watch
29:11 Bow Saw
29:08 Heavy Plow
30:16 Husbandry
32:28 Iron Casting
34:10 Gold Shaft Mining
38:10 Hand Cart
38:55 Town Watch
Connection lost

Rejoining the realm…

Still unreachable

The connection could not be restored.

Session expired

The server has moved on; the page needs a fresh start.